 Dungeon Crawl Stone Soup version 0.17.2-1-ge4368a0 (webtiles) character file.

44 hurricos the Cudgeler (level 3, -11/36 HPs)
             Began as an Ogre Warper on July 4, 2018.
             Engulfed by a cloud of flame (20 damage)
             ... on level 2 of the Dungeon.
             The game lasted 00:01:51 (2040 turns).

hurricos the Cudgeler (Ogre Warper)                 Turns: 2040, Time: 00:01:52

Health: -11/36     AC:  3    Str: 16    XL:     3   Next: 62%
Magic:  6/6        EV: 10    Int: 10    God:
Gold:   33         SH:  0    Dex: 10    Spells: 1 memorised, 5 levels left

rFire  . . .     SeeInvis .     g - -2 dagger (curse)
rCold  . . .     Clarity  .     b - +0 robe
rNeg   . . .     SustAt   .     (no shield)
rPois  .         Gourm    .     (helmet restricted)
rElec  .         Spirit   .     (no cloak)
rCorr  .         Warding  .     (gloves unavailable)
rMut   .         Stasis   .     (boots unavailable)
MR     .....                    (no amulet)
Stlth  ++........               (no ring)
                                j - ring of stealth

@: not resistant to hostile enchantments, unstealthy
A: unfitting armour, horns 1, blurry vision 1, dopey 1, tough skin 1
a: no special abilities


You were on level 2 of the Dungeon.
You were hungry.

You visited 1 branch of the dungeon, and saw 2 of its levels.

You collected 33 gold pieces.

Inventory:

Hand Weapons
 a - a +0 mace
 g - a cursed -2 dagger (weapon)
Armour
 b - a +0 robe (worn)
Jewellery
 j - a ring of stealth (left hand)
Scrolls
 d - a scroll of blinking
Potions
 h - a potion of heal wounds {unknown}
 k - a potion of degeneration
 m - a potion of haste {unknown}
Books
 c - a book of Spatial Translocations

   Spells                             Type                      Level
   a - Apportation                    Translocation                1
   b - Blink                          Translocation                2
   c - Shroud of Golubria             Charms/Translocation         2
   d - Portal Projectile              Translocation                3
   e - Teleport Other                 Translocation                3
   f - Passage of Golubria            Translocation                4
Comestibles
 f - 2 bread rations
 i - 2 fruits
 l - a meat ration


   Skills:
 * Level 2.8 Fighting
 - Level 5.1 Maces & Flails
 - Level 1.0 Throwing
 - Level 2.1 Dodging
 - Level 2.4 Spellcasting
 - Level 2.1 Translocations


You had 5 spell levels left.
You knew the following spells:

 Your Spells              Type           Power        Failure   Level  Hunger
a - Apportation           Tloc           #.........   14%         1    ##.....


Dungeon Overview and Level Annotations

Branches:
Dungeon (2/15)

Altars:


Innate Abilities, Weirdness & Mutations

You are too large for most types of armour.
You have tough skin (AC +1).
You have a pair of small horns on your head.
Scrolls take you a little longer to read.
You are dopey. (Int -2)


Message History

You hit the bat.
The bat is heavily wounded.
The bat hits you.
A bat is nearby!
Read which item? (? for menu, Esc to quit)
Really read with blurry vision while enemies are nearby?
The bat hits you but does no damage.
You begin reading the scroll.
You continue reading the scroll.
The bat hits you.
As you read the scroll labeled SOGY QAKUTRIE, it crumbles to dust.
The creatures around you are filled with an inner flame!
It was a scroll of immolation.
You hit the bat.
The bat explodes!
The fiery explosion engulfs you!
Ouch! That really hurt!
* * * LOW HITPOINT WARNING * * *
You are engulfed in roaring flames.
Ouch! That really hurt!
You die...

.......'.........+...............
....####.........####.#.....#####
.#.## ##......### #.......# #
#### ##....## #.......# # #
##..## ####.......# # # ##'#.#
..#####.#### # # #.#..#..# #.#
### # #.##..#§# #.# #). #
##.###@.## #. #.# # ##..##.#§§#
#.# ## #...#...#.# #.# .#
##..#.#...# #># .######
##.##.#.## #..
......##########.## ###
#####.............#
##########.#### #........


There were no monsters in sight!

Vanquished Creatures
  2 adders (D:2)
  A worm (D:2)
  4 giant geckos (D:2)
  A ball python (D:2)
  2 goblins
  A hobgoblin (D:2)
  2 jackals (D:1)
  2 kobolds
  3 bats (D:2)
  A giant cockroach (D:2)
  2 giant newts
  A quokka (D:2)
  2 rats (D:2)
24 creatures vanquished.

Notes
Turn   | Place    | Note
--------------------------------------------------------------
     0 | D:1      | hurricos the Ogre Warper began the quest for the Orb.
     0 | D:1      | Reached XP level 1. HP: 22/22 MP: 3/3
    79 | D:1      | Gained mutation: You have a pair of small horns on your head. [potion of mutation]
    79 | D:1      | Gained mutation: You are dopey. (Int -2) [potion of mutation]
    79 | D:1      | Gained mutation: Scrolls take you a little longer to read. [potion of mutation]
    85 | D:1      | Reached skill level 3 in Maces & Flails
   419 | D:2      | Reached XP level 2. HP: 5/29 MP: 5/5
   747 | D:2      | Reached skill level 4 in Maces & Flails
  1032 | D:2      | Reached XP level 3. HP: 19/36 MP: 6/6
  1554 | D:2      | Reached skill level 5 in Maces & Flails
  2040 | D:2      | Engulfed by a cloud of flame

Action                   || total
-------------------------++-------
Melee: Dagger            ||   182
Throw: Tomahawk          ||     5
  Use: Potion            ||     3
       Scroll            ||     2
 Stab: Sleeping          ||     6
       Distracted        ||     2
  Eat: Chunk             ||     3
